 Dungeon Crawl Stone Soup version 0.30-a0-1035-g38d5fb2972 (webtiles) character file.

Game seed: 11206494452152066521

3390 bmack86 the Cleaver (level 9, -4/121 HPs)
             Began as a Minotaur Fighter on Apr 8, 2023.
             Was an Initiate of Okawaru.
             Slain by Psyche
             ... wielding a +2 dagger of distortion
              (13 damage)
             ... on level 8 of the Dungeon.
             The game lasted 00:19:15 (5886 turns).

bmack86 the Cleaver (Minotaur Fighter)              Turns: 5886, Time: 00:19:16

Health: -4/121     AC: 24    Str: 24    XL:     9   Next: 74%
Magic:  8/8        EV:  2    Int:  5    God:    Okawaru [......]
Gold:   378        SH: 10    Dex: 11    Spells: 8/8 levels left

rFire   . . .      SeeInvis .    a - +2 war axe (flame)
rCold   . . .      Faith    .    K - +0 kite shield
rNeg    . . .      Spirit   .    D - melded +0 chain mail
rPois   +          Reflect  .    (helmet currently unavailable)
rElec   .          Rampage  .    G - melded +2 cloak {rPois}
rCorr   .          NoTele   +    (gloves currently unavailable)
Will    +....                    A - melded +0 pair of boots
Stlth   +                        u - amulet of regeneration
HPRegen 1.20/turn                s - +5 ring of evasion
MPRegen 0.11/turn                F - ring of willpower

@: tree-form (expiring)
A: stationary, stasis, torment immunity, boosted hp, (horns 2), (retaliatory
headbutt)
a: Renounce Religion


You were on level 8 of the Dungeon.
You worshipped Okawaru.
Okawaru was noncommittal.
You were a tree.
You visited 2 branches of the dungeon, and saw 9 of its levels.

You collected 378 gold pieces.

Inventory:

Hand Weapons
 a - a +2 war axe of flaming (weapon)
Missiles
 y - 4 boomerangs (quivered)
 C - 7 poisoned darts
Armour
 h - a scarf of resistance
 A - a +0 pair of boots (melded)
 D - a +0 chain mail (melded)
 G - a +2 cloak of poison resistance (melded)
 K - a +0 kite shield (worn)
Jewellery
 c - the amulet "Xooly" {Acrobat Harm rF- rC+ Int+8}
   (You found it on level 7 of the Dungeon)

   [amulet of the acrobat]

   It increases your evasion while moving and waiting.
   Int:       It affects your intelligence (+8).
   rF:        It makes you vulnerable to fire.
   rC:        It protects you from cold.
   Harm:      It increases damage dealt and taken.
 s - a +5 ring of evasion (left branch)
 u - an amulet of regeneration (around neck)
 v - a ring of magical power
 x - an amulet of faith
 B - a ring of protection from cold
 E - a ring of ice
 F - a ring of willpower (right branch)
Wands
 g - a wand of flame (22)
 j - a wand of quicksilver (10)
 m - a wand of iceblast (24)
 w - a wand of polymorph (10)
 I - a wand of paralysis (6)
Scrolls
 f - a scroll of summoning
 k - a scroll of silence
 q - 3 scrolls of teleportation
Potions
 b - a potion of brilliance
 d - 2 potions of might
 e - 2 potions of lignification
 i - 3 potions of magic
 l - a potion of heal wounds
 n - a potion of resistance
 o - a potion of attraction {unknown}
 p - 6 potions of curing
 r - 2 potions of mutation
 t - a potion of flight {unknown}
 z - a potion of berserk rage {unknown}
 H - a potion of invisibility {unknown}


   Skills:
 + Level 7.8 Fighting
 * Level 10.0 Axes
 + Level 5.1 Throwing
 + Level 7.7 Armour
 + Level 7.6 Shields
 + Level 0.9 Invocations


You had 8 spell levels left.
You didn't know any spells.
Your spell library contained the following spells:

 Spells                   Type           Power      Damage    Failure   Level
 Necrotise                Necr           0%         1d4       80%         1
 Cigotuvi's Dreadful Rot  Necr/Pois/Air  0%         N/A       90%         2
 Lesser Beckoning         Tloc           0%         N/A       90%         2
 Gell's Gravitas          Tloc           0%         N/A       99%         3
 Ignite Poison            Fire/Tmut/Pois 0%         N/A       99%         3
 Teleport Other           Tloc           0%         N/A       99%         3
 Vampiric Draining        Necr           0%         2d6       99%         3
 Agony                    Necr           0%         N/A       100%        5
 Freezing Cloud           Conj/Ice/Air   0%         6-21      100%        5


Dungeon Overview and Level Annotations

Branches:
Dungeon (8/15)             Temple (1/1) D:7
   Lair: D:8-11

Altars:
Ashenzari
Cheibriados
Dithmenos
Elyvilon
Fedhas
Gozag
Hepliaklqana
Kikubaaqudgha
Makhleb
Okawaru
Ru
Sif Muna
Trog
Uskayaw
Vehumet
Wu Jian
Xom
Zin

Shops:
D:2 *[=   D:7 *

Annotations:
D:6 Grinder
D:8 Psyche


Innate Abilities, Weirdness & Mutations

You are a tree.
Your roots penetrate the ground, keeping you stationary.
You cannot be teleported.
You are immune to unholy pain and torment.
Your maximum health is greatly increased.
Your equipment is partially melded.
((You have a pair of horns on your head.))
((You reflexively headbutt those who attack you in melee.))


Message History

You cannot move.
You cannot move.
You cannot move.
Something hits you but does no damage. Space warps horribly around you.
Something hits you. Space warps around you.
Something hits you but does no damage. Space warps around you.
You cannot move.
You cannot move.
You cannot move.
You cannot move.
You cannot move.
You cannot move.
You cannot move.
You cannot move.
You hear some strange, mumbled words.
A swirling arc of seething chaos appears!
An arc of chaos appears from out of thin air!
The arc of chaos hits you but does no damage.
You hear some strange, mumbled words.
A swirling arc of seething chaos appears!
An arc of chaos appears from out of thin air!
The arc of chaos hits you!
Something tries to affect you, but you resist.
Your transformation is almost over.
Something hits you but does no damage. Space warps horribly around you!
* * * LOW HITPOINT WARNING * * *
You hear some strange, mumbled words.
Something hits you.
* * * LOW HITPOINT WARNING * * *
Space warps horribly around you!!
* * * LOW HITPOINT WARNING * * *
Something hits you but does no damage.
You hear some strange, mumbled words.
A swirling arc of seething chaos appears!
An arc of chaos appears from out of thin air!
The arc of chaos hits you but does no damage.
Something hits you but does no damage. Space warps around you.
* * * LOW HITPOINT WARNING * * *
Something hits you but does no damage. Space warps horribly around you!
You die...

#.........#
#######.........###
................#..
.######.........#.#
...## ###.#######.#
##..#####'###### .#
##.##.........# .# #
###.##.........##.#..##.
................♣{.....>
.##..#.........##.##.#..
##....#.###### ...
####.#.# ###.. #...# ...
##..# .. #... . #...


There were no monsters in sight!

Vanquished Creatures
  Pikel (D:4)
  Prince Ribbit (D:7)
  Sigmund (D:6)
  3 steam dragons
  Duvessa (D:6)
  3 water moccasins (D:7)
  3 ice beasts (D:5)
  An orc warrior (D:6)
  An ogre (D:4)
  A centaur (D:7)
  A phantom (D:4)
  3 lemures (D:4)
  A gnoll sergeant (D:7)
  A scorpion (D:7)
  2 bullfrogs (D:7)
  Dowan (D:6)
  7 hounds
  A jelly (D:8)
  Crazy Yiuf (D:6)
  4 iguanas
  A sleepcap (D:6)
  Ijyb (D:4)
  4 orc wizards
  9 gnolls
  4 adders
  A shadow imp (D:6)
  A white imp (D:5)
  2 ufetubi
  2 worms
  3 dart slugs
  20 orcs
  13 ball pythons
  2 bats
  9 endoplasms
  3 giant cockroaches (D:1)
  6 goblins
  5 hobgoblins
  5 quokkas
  5 frilled lizards
  8 kobolds
  6 rats
148 creatures vanquished.

Vanquished Creatures (collateral kills)
  A kobold (D:4)
1 creature vanquished.

Vanquished Creatures (others)
  A sky beast (D:6)
  An orc (D:6)
  2 fungi (D:4)
4 creatures vanquished.

Grand Total: 153 creatures vanquished

Notes
Turn   | Place    | Note
-------+----------+-------------------------------------------
     0 | D:1      | bmack86 the Minotaur Fighter began the quest for the Orb.
     0 | D:1      | Reached XP level 1. HP: 19/19 MP: 0/0
   115 | D:1      | Reached XP level 2. HP: 14/27 MP: 1/1
   179 | D:1      | Reached skill level 3 in Axes
   616 | D:1      | Reached XP level 3. HP: 33/33 MP: 2/2
   958 | D:2      | Found Jenug's General Store.
  1062 | D:2      | Found Qomal's Antique Armour Shop.
  1413 | D:2      | Found Digacesa's Jewellery Boutique.
  2023 | D:3      | Found a blossoming altar of Fedhas.
  2167 | D:3      | Reached XP level 4. HP: 31/37 MP: 3/3
  2357 | D:3      | Reached skill level 4 in Axes
  2764 | D:4      | Reached XP level 5. HP: 14/47 MP: 4/4
  2766 | D:4      | Reached skill level 1 in Throwing
  2867 | D:4      | Noticed a phantom
  2876 | D:4      | Killed a phantom
  2877 | D:4      | Reached skill level 5 in Axes
  2877 | D:4      | Reached XP level 6. HP: 54/55 MP: 5/5
  2983 | D:4      | Reached skill level 5 in Fighting
  3063 | D:4      | Reached skill level 5 in Shields
  3147 | D:4      | Found a sacrificial altar of Ru.
  3147 | D:4      | Found an ornate altar of the Wu Jian Council.
  3209 | D:4      | Reached skill level 5 in Armour
  3301 | D:4      | Noticed Pikel
  3324 | D:4      | Killed Pikel
  3325 | D:4      | Reached skill level 6 in Axes
  3325 | D:4      | Reached XP level 7. HP: 11/62 MP: 6/6
  3519 | D:4      | Noticed Ijyb
  3525 | D:4      | Killed Ijyb
  3532 | D:4      | Reached skill level 7 in Axes
  3724 | D:5      | Entered Level 5 of the Dungeon
  3758 | D:5      | Reached XP level 8. HP: 70/70 MP: 7/7
  4076 | D:5      | Identified the +0 robe "Oti Arho" {Fly}
  4084 | D:5      | Found a hazy altar of Hepliaklqana.
  4085 | D:5      | Found a shimmering altar of Xom.
  4086 | D:5      | Noticed a spectral ugly thing
  4494 | D:6      | Reached skill level 8 in Axes
  4539 | D:6      | Found a radiant altar of Vehumet.
  4601 | D:6      | Found a runed translucent door.
  4602 | D:6      | Noticed Crazy Yiuf
  4608 | D:6      | Killed Crazy Yiuf
  5079 | D:6      | Noticed Grinder
  5082 | D:6      | Noticed Sigmund
  5133 | D:6      | Killed Sigmund
  5134 | D:6      | Reached XP level 9. HP: 67/78 MP: 8/8
  5204 | D:7      | Noticed Dowan
  5205 | D:7      | Noticed Duvessa
  5236 | D:6      | Killed Dowan
  5238 | D:6      | Killed Duvessa
  5257 | D:7      | Reached skill level 9 in Axes
  5277 | D:7      | Noticed Prince Ribbit
  5293 | D:7      | Killed Prince Ribbit
  5381 | D:7      | Found a shadowy altar of Dithmenos.
  5399 | D:7      | Found a staircase to the Ecumenical Temple.
  5423 | Temple   | Entered the Ecumenical Temple
  5423 | Temple   | Found a transporter.
  5423 | Temple   | Found a transporter.
  5425 | Temple   | Found a transporter.
  5425 | Temple   | Found a transporter.
  5440 | Temple   | Became a worshipper of Warmaster Okawaru
  5521 | D:7      | Reached skill level 5 in Throwing
  5534 | D:7      | Identified the amulet "Xooly" {Acrobat Harm rF- rC+ Int+8}
  5719 | D:7      | Found Diateirr's Serpentskin Sales.
  5727 | D:7      | Reached skill level 10 in Axes
  5860 | D:8      | Noticed Psyche
  5886 | D:8      | Slain by Psyche

Illustrated notes

Levels and vault maps discovered:
D:1:      ncdulo_watergridlock, layout_basic
D:2:      wander_river, layout_basic, serial_shops,
          nicolae_shop_advertising_works [nicolae_subvault_shop_adworks],
          nicolae_shop_waterfront, shop, grunt_decor_cap,
          minmay_misc_feat_more_columns
D:3:      layout_loops_corners, fedhas_ov_isle_minmay, minmay_joined_circles
D:4:      layout_cave_pods, nicolae_overflow_two_pavilions,
          dreamdust_gnoll_farm, uniq_ijyb, uniq_pikel
D:5:      layout_cave_pools, regret_index_temple_of_mockery,
          minmay_stone_trees_medium, chequers_arboretum
D:6:      layout_gridville, nicolae_vehumet_radiance, kennysheep_generic_room_6,
          uniq_sigmund, uniq_crazy_yiuf_cottage, uniq_grinder
D:7:      layout_basic, mainiacjoe_overflow_small_starburst,
          minmay_temple_entry_offerings, guppyfry_shop_venom,
          uniq_prince_ribbit1, uniq_duvessa
D:8:      layout_basic, nicolae_qazlal_general_emergency, kennysheep_cross_room,
          uniq_psyche, uniq_joseph
Temple:   hellmonk_temple_divided_pantheon

Skill      XL: |  1  2  3  4  5  6  7  8  9 |
---------------+----------------------------+-----
Axes           | 3 4 5 6 7 8 10 | 10.0
Fighting       | 4 5 6 7 |  7.8
Armour         | 4 5 6 7 |  7.7
Shields        | 4 5 6 7 |  7.6
Throwing       | 1 2 3 4 5 |  5.1
Invocations    | |  0.9

Action                     |  1- 3 |  4- 6 |  7- 9 || total
---------------------------+-------+-------+-------++-------
  Melee: War axe           |    86 |   110 |   156 ||   352
         Headbutt          |    12 |    13 |    26 ||    51
  Throw: Boomerang         |       |       |    11 ||    11
    Use: Scroll            |       |    12 |    10 ||    22
         Potion            |       |     1 |       ||     1
 Armour: Scale mail        |    45 |    77 |    10 ||   132
         Chain mail        |       |       |    67 ||    67
         Skin              |       |       |    15 ||    15
  Dodge: Dodged            |    40 |    59 |    92 ||   191
  Block: Buckler           |    29 |    22 |    44 ||    95
         Kite shield       |       |       |    22 ||    22

Table legend: (Time is in decaauts)
 A = Elapsed time spent in this place.
 B = Non-inter-level travel time spent in this place.
 C = Inter-level travel time spent in this place.
 D = Time resting spent in this place.
 E = Time spent auto-exploring this place.
 F = Levels seen in this place.
 G = Mean time per level.
                   A        B        C        D        E       F      G
               +--------+--------+--------+--------+--------+-----+--------+
         Total |   6003 |   5767 |    236 |     80 |   3738 |   9 |  667.0 |
       Dungeon |   5954 |   5718 |    236 |     80 |   3733 |   8 |  744.2 |
        Temple |     48 |     48 |      0 |      0 |      5 |   1 |   48.0 |
               +--------+--------+--------+--------+--------+-----+--------+

Top non-repeatable levels by time:
     D:4: 1097 daAuts
     D:3: 1078 daAuts
     D:2: 900 daAuts
     D:6: 854 daAuts
     D:1: 790 daAuts
     D:5: 629 daAuts
     D:7: 495 daAuts
     D:8: 108 daAuts
  Temple: 48 daAuts
